 Dungeon Crawl Stone Soup version 0.29-a0-350-g7790a0e70a (webtiles) character file.

Game seed: 6447227364363243627

86 greenreed the Gusty (level 4, -3/32 HPs)
             Began as a Gnoll Air Elementalist on Apr 22, 2022.
             Slain by an orc priest
             ... wielding a +0 mace
              (7 damage)
             ... on level 3 of the Dungeon.
             The game lasted 00:04:43 (2780 turns).

greenreed the Gusty (Gnoll Air Elementalist)        Turns: 2780, Time: 00:04:43

Health: -3/32      AC:  3    Str:  7    XL:     4   Next: 50%
Magic:  1/11       EV: 13    Int: 16    God:
Gold:   30         SH:  0    Dex: 13    Spells: 7/13 levels left

rFire   . . .      SeeInvis .     - Unarmed
rCold   . . .      Faith    .   (no shield)
rNeg    . . .      Spirit   .   a - +0 robe
rPois   .          Reflect  .   i - +0 helmet
rElec   .          Harm     .   (no cloak)
rCorr   .          Rampage  .   (no gloves)
Will    .....                   (no boots)
Stlth   +++.......              (no amulet)
HPRegen 0.10/turn               (no ring)
MPRegen 0.12/turn               (no ring)

@: no status effects
A: fangs 1, strong nose, distributed training
a: no special abilities


You were on level 3 of the Dungeon.
You visited 1 branch of the dungeon, and saw 3 of its levels.

You collected 30 gold pieces.

Inventory:

Armour
 a - a +0 robe (worn)
 i - a +0 helmet (worn)
Jewellery
 j - a ring of positive energy
 k - a ring of protection from fire
Wands
 r - a wand of paralysis (9)
Scrolls
 d - a scroll of noise {unknown}
 g - a scroll of enchant weapon {unknown}
 h - 8 scrolls of teleportation {unknown}
 l - 2 scrolls of identify {unknown}
 m - a scroll of acquirement {unknown}
 n - a scroll of amnesia {unknown}
 q - a scroll of immolation {unknown}
Potions
 b - 2 potions of magic
 c - 3 potions of resistance {unknown}
 e - a potion of lignification {unknown}
 f - a potion of curing {unknown}
 o - a potion of flight {unknown}
 p - a potion of invisibility {unknown}
 s - 2 potions of might {unknown}


   Skills:
 + Level 1.1 Fighting
 + Level 1.1 Short Blades
 + Level 1.1 Long Blades
 + Level 1.1 Axes
 + Level 1.1 Maces & Flails
 + Level 1.1 Polearms
 + Level 1.1 Staves
 + Level 1.1 Slings
 + Level 1.1 Bows
 + Level 1.1 Crossbows
 + Level 1.1 Throwing
 + Level 1.1 Armour
 + Level 4.6 Dodging
 + Level 4.2 Stealth
 + Level 1.1 Shields
 + Level 1.1 Unarmed Combat
 + Level 5.1 Spellcasting
 + Level 2.2 Conjurations
 + Level 0.9 Hexes
 + Level 0.9 Summonings
 + Level 0.9 Necromancy
 + Level 0.9 Translocations
 + Level 0.9 Transmutations
 + Level 0.9 Fire Magic
 + Level 0.9 Ice Magic
 + Level 5.4 Air Magic
 + Level 0.9 Earth Magic
 + Level 0.9 Poison Magic
 + Level 1.2 Invocations
 + Level 1.1 Evocations


You had 7 spell levels left.
You knew the following spells:

 Your Spells              Type           Power      Damage    Failure   Level
a - Shock                 Conj/Air       64%        1d7       3%          1
b - Static Discharge      Conj/Air       16%        N/A       4%          2
c - Swiftness             Air            21%        N/A       4%          3

Your spell library contained the following spells:

 Spells                   Type           Power      Damage    Failure   Level
 Magic Dart               Conj           44%        1d5       6%          1
 Searing Ray              Conj           22%        2d5       9%          2
 Airstrike                Air            10%        N/A       16%         4
 Portal Projectile        Hex/Tloc       14%        N/A       30%         3
 Fulminant Prism          Conj/Hex       4%         3d6       61%         4
 Blade Hands              Tmut           3%         N/A       96%         5
 Excruciating Wounds      Necr           3%         N/A       96%         5


Dungeon Overview and Level Annotations

Branches:
Dungeon (3/15)

Altars:


Innate Abilities, Weirdness & Mutations

You have very sharp teeth.
Your uncanny sense of smell can sniff out nearby items.
Your experience applies equally to all skills.


Message History

The orc priest looks braver for a moment.
The zap misses the orc priest.
The zap misses the orc priest.
The orc priest mumbles some strange prayers to Beogh against you.
Pain shoots through your body!
Unknown command.
Casting: Shock (safe; 3% risk of failure)
Confirm with . or Enter, or press ? or * to list all spells.
Aiming: Shock (safe; 3% risk of failure)
Press: ? - help, Shift-Dir - straight line, f/p - orc priest
Aim: an orc priest, wielding a +0 mace (lightly wounded, 71% to hit)
The zap hits the orc priest.
The orc priest is lightly wounded.
The orc priest barely misses you.
Your magical contamination has completely faded away.
You hit the orc priest.
You bite the orc priest, but do no damage.
The orc priest is moderately wounded.
You hit the orc priest.
The orc priest is moderately wounded.
The orc priest hits you with a +0 mace.
You hit the orc priest. You bite the orc priest.
The orc priest is heavily wounded.
The orc priest hits you with a +0 mace.
You closely miss the orc priest.
You bite the orc priest, but do no damage.
The orc priest is heavily wounded.
The orc priest misses you.
You barely miss the orc priest.
The orc priest is heavily wounded.
The orc priest hits you with a +0 mace.
You barely miss the orc priest.
The orc priest is heavily wounded.
The orc priest mumbles some strange prayers to Beogh against you.
Pain shoots through your body!
* * * LOW HITPOINT WARNING * * *
You hit the orc priest. You bite the orc priest.
The orc priest is heavily wounded.
The orc priest hits you with a +0 mace!
You die...

......................#.#
#####.....#########.#.#.#
####..# #.........# ##.##
#.###.#.### #..#
#.#.....# # ##.##
#.#.#.### # #..# #.#.#.#
# ####.###.#.#.### #
#@o)...#.#.....# #
......####...#.###.#.###
.....##.......#........
.....##.##..###.#.#.###
.....##.#.............
.....##.#.......#.#...#
#............#.#..<.
#.##.#.#..##.#......
#..o.#.##.##.#.###.#


You could see an orc priest.

Vanquished Creatures
  A gnoll (D:1)
  2 adders (D:2)
  A worm (D:2)
  A dart slug (D:1)
  5 orcs (D:3)
  2 endoplasms
  A giant cockroach (D:2)
  6 goblins
  4 hobgoblins
  4 jackals (D:1)
  A kobold (D:1)
  2 quokkas
  4 ball pythons
  6 bats
  3 frilled lizards
  4 rats
47 creatures vanquished.

Notes
Turn   | Place    | Note
-------+----------+-------------------------------------------
     0 | D:1      | greenreed the Gnoll Air Elementalist began the quest for
                  | the Orb.
     0 | D:1      | Reached XP level 1. HP: 13/13 MP: 6/6
   205 | D:1      | Reached XP level 2. HP: 19/19 MP: 4/7
   487 | D:1      | Reached skill level 5 in Spellcasting
   487 | D:1      | Reached XP level 3. HP: 25/25 MP: 6/9
   964 | D:1      | Reached skill level 1 in Invocations
  1242 | D:2      | Reached skill level 1 in Fighting
  1242 | D:2      | Reached skill level 1 in Short Blades
  1242 | D:2      | Reached skill level 1 in Long Blades
  1242 | D:2      | Reached skill level 1 in Axes
  1242 | D:2      | Reached skill level 1 in Maces & Flails
  1242 | D:2      | Reached skill level 1 in Polearms
  1242 | D:2      | Reached skill level 1 in Staves
  1242 | D:2      | Reached skill level 1 in Slings
  1242 | D:2      | Reached skill level 1 in Bows
  1242 | D:2      | Reached skill level 1 in Crossbows
  1242 | D:2      | Reached skill level 1 in Throwing
  1242 | D:2      | Reached skill level 1 in Armour
  1242 | D:2      | Reached skill level 1 in Shields
  1242 | D:2      | Reached skill level 1 in Unarmed Combat
  1242 | D:2      | Reached skill level 1 in Evocations
  1480 | D:2      | Reached XP level 4. HP: 32/32 MP: 9/11
  1626 | D:2      | Found a faded altar of an unknown god.
  1998 | D:2      | Learned a level 2 spell: Static Discharge
  2002 | D:2      | Learned a level 3 spell: Swiftness
  2780 | D:3      | Slain by an orc priest

Illustrated notes

Levels and vault maps discovered:
D:1:      amcnicky_arrival_wind_blow, layout_loops_ring, minmay_pentomino_u2
D:2:      layout_loops_cross, hellmonk_ecumenical_altar_leap_of_faith,
          st_stairs_5
D:3:      layout_basic, grunt_temple_overflow_lords_of_destruction,
          led_sif_pool, uniq_robin

Skill      XL: |  1  2  3 |
---------------+----------+-----
Conjurations   | 2 |  2.2
Spellcasting   | 5 |  5.1
Invocations    | 1 |  1.2
Fighting       | 1 |  1.1
Short Blades   | 1 |  1.1
Long Blades    | 1 |  1.1
Axes           | 1 |  1.1
Maces & Flails | 1 |  1.1
Polearms       | 1 |  1.1
Staves         | 1 |  1.1
Slings         | 1 |  1.1
Bows           | 1 |  1.1
Crossbows      | 1 |  1.1
Throwing       | 1 |  1.1
Armour         | 1 |  1.1
Shields        | 1 |  1.1
Unarmed Combat | 1 |  1.1
Evocations     | 1 |  1.1
Dodging        | |  4.6
Stealth        | |  4.2
Hexes          | |  0.9
Summonings     | |  0.9
Necromancy     | |  0.9
Translocations | |  0.9
Transmutations | |  0.9
Fire Magic     | |  0.9
Ice Magic      | |  0.9
Air Magic      | |  5.4
Earth Magic    | |  0.9
Poison Magic   | |  0.9

Action                   |  1- 3 |  4- 6 || total
-------------------------+-------+-------++-------
Melee: Unarmed           |       |     7 ||     7
       Bite              |       |     4 ||     4
 Cast: Shock             |    59 |    40 ||    99
       Swiftness         |       |     1 ||     1
Armor: Robe              |     2 |     3 ||     5
Dodge: Dodged            |    14 |    14 ||    28

Table legend: (Time is in decaauts)
 A = Elapsed time spent in this place.
 B = Non-inter-level travel time spent in this place.
 C = Inter-level travel time spent in this place.
 D = Time resting spent in this place.
 E = Time spent auto-exploring this place.
 F = Levels seen in this place.
 G = Mean time per level.
                   A        B        C        D        E       F      G
               +--------+--------+--------+--------+--------+-----+--------+
         Total |   2779 |   2739 |     40 |    263 |   2223 |   3 |  926.3 |
       Dungeon |   2779 |   2739 |     40 |    263 |   2223 |   3 |  926.3 |
               +--------+--------+--------+--------+--------+-----+--------+

Top non-repeatable levels by time:
     D:2: 1419 daAuts
     D:1: 1114 daAuts
     D:3: 246 daAuts
